AoeStats
← AiM | CyclopsTron

MegaRandom

508812018Analyzed
4v4 RM · 7d ago on Sep 24, 2026· 53m 8s· 8 players
Game mode
Random Map
Map size
Large (8 player)
Population
200
Speed
Normal
Resources
Standard
Victory
Conquest
Starting age
Dark Age
Ending age
Imperial Age
RankedLock teamsTeams togetherTeam positionsShared explorationLock speedFull tech treeHidden civsTurbo modeCheats
Victory
Defeat
🇲🇽 Vietnamese · Mexico
1670
+13
🇦🇷 Magyars · Argentina
1565
+17
🇨🇱 Franks · Chile
1543
+18
1455
+21
1627
-19
🇺🇸 Chinese · United States
1579
-17
🇺🇸 Varangians · United States
1569
-17
🇨🇴 Saxons · Colombia
1558
-16
DS_SayGG
3:12 Loom
10:48 Feudal Age
11:41 Double-Bit Axe
15:05 Bloodlines
16:40 Scale Barding Armor
17:38 Forging
22:36 Wheelbarrow
25:42 Castle Age
26:06 Light Cavalry
26:15 Light Cavalry
28:00 Gold Mining
29:19 Bow Saw
31:47 Chain Barding Armor
CTM | black forest best map
3:36 Loom
12:10 Feudal Age
17:59 Castle Age
16:29 Double-Bit Axe
18:02 Fletching
25:14 Horse Collar
28:08 Town Watch
29:22 Bodkin Arrow
33:27 Squires
36:03 Bow Saw
36:02 Heavy Plow
36:13 Bow Saw
37:41 Scale Mail Armor
37:52 Forging
39:25 Ballistics
39:30 Chain Mail Armor
39:51 Guard Tower
43:08 Wheelbarrow
45:30 Imperial Age
42:46 Pikeman
44:53 Wheelbarrow
44:29 Arson
45:35 Padded Archer Armor
45:38 Halberdier
47:30 Bracer
47:45 Leather Archer Armor
48:00 Plate Mail Armor
50:18 Two-Man Saw
51:19 Chemistry
50:20 Elite Skirmisher
MARIJUANA_LUNG
2:50 Loom
10:55 Feudal Age
14:36 Castle Age
14:29 Fletching
19:09 Horse Collar
20:30 Double-Bit Axe
21:36 Bodkin Arrow
22:38 Crossbowman
24:44 Padded Archer Armor
26:03 Gold Mining
26:28 Bow Saw
26:39 Town Watch
27:40 Wheelbarrow
28:51 Ballistics
29:32 Thumb Ring
34:00 Heavy Plow
39:57 Imperial Age
38:22 Leather Archer Armor
40:45 Bracer
40:09 Arbalester
42:05 Ring Archer Armor
42:03 Hand Cart
43:14 Chemistry
hK | Santo
9:20 Loom
11:33 Feudal Age
12:11 Double-Bit Axe
16:33 Castle Age
16:44 Fletching
18:05 Bodkin Arrow
18:57 Ballistics
20:50 Bow Saw
30:02 Wheelbarrow
30:06 Thumb Ring
33:05 Hand Cart
33:35 Bloodlines
33:25 Husbandry
33:52 Padded Archer Armor
35:24 Gold Mining
35:25 Stone Mining
38:59 Imperial Age
37:39 Gold Shaft Mining
38:08 Squires
37:54 Gambesons
37:54 Arson
38:27 Horse Collar
39:08 Scale Mail Armor
39:14 Heavy Mounted Crossbowman
39:25 Cranequins
39:26 Heavy Mounted Crossbowman
40:39 Bracer
40:29 Capped Ram
41:46 Town Watch
42:39 Chain Mail Armor
42:35 Forging
43:03 Town Patrol
43:47 Heavy Plow
45:30 Crop Rotation
45:43 Conscription
46:05 Elite Varangian Guard
48:54 Plate Mail Armor
49:00 Iron Casting
48:16 Elite Hearth Troop
AiM | CyclopsTron
2:55 Loom
10:34 Feudal Age
11:06 Double-Bit Axe
18:07 Fletching
18:40 Padded Archer Armor
26:30 Castle Age
24:47 Gold Mining
27:07 Bodkin Arrow
26:33 Crossbowman
28:40 Wheelbarrow
28:39 Stone Mining
29:17 Leather Archer Armor
33:46 Town Watch
34:41 Bow Saw
37:34 Ballistics
40:14 Hand Cart
45:07 Imperial Age
41:59 Elite Skirmisher
42:59 Horse Collar
46:55 Chemistry
45:56 Bracer
46:59 Imperial Skirmisher
49:22 Squires
49:23 Scale Mail Armor
49:53 Ring Archer Armor
50:56 Chain Mail Armor
52:58 Plate Mail Armor
53:12 Forging
54:21 Two-Man Saw
52:57 Elite Fire Lancer
AiM | CaballeroTemplario
3:07 Loom
12:53 Feudal Age
13:41 Double-Bit Axe
15:46 Fletching
18:05 Padded Archer Armor
25:55 Castle Age
26:00 Crossbowman
26:38 Bodkin Arrow
26:57 Gold Mining
28:16 Town Watch
31:21 Gold Shaft Mining
34:41 Stone Mining
37:57 Wheelbarrow
45:01 Thumb Ring
48:07 Leather Archer Armor
48:19 Ballistics
52:30 Imperial Age
50:17 Hand Cart
52:32 Husbandry
52:42 Bloodlines
51:55 Light Cavalry
52:49 Arbalester
53:31 Bracer
AiM | PoRRo
3:28 Loom
12:36 Feudal Age
14:02 Double-Bit Axe
17:01 Castle Age
16:58 Scale Barding Armor
19:11 Chain Barding Armor
23:09 Husbandry
25:06 Forging
28:59 Wheelbarrow
31:10 Bow Saw
32:26 Hand Cart
37:46 Imperial Age
37:49 Cavalier
39:07 Plate Barding Armor
38:55 Conscription
39:28 Paladin
42:47 Iron Casting
42:39 Light Cavalry
47:17 Blast Furnace
47:09 Gold Mining
AIM | Agua cate 98
3:07 Loom
10:33 Feudal Age
11:09 Double-Bit Axe
12:13 Town Watch
17:01 Bloodlines
19:34 Horse Collar
21:12 Wheelbarrow
26:38 Castle Age
31:42 Bow Saw
39:06 Hand Cart
42:00 Stone Mining
50:46 Scale Barding Armor
52:05 Husbandry
52:38 Heavy Plow
Connection lost

Rejoining the realm…

Still unreachable

The connection could not be restored.

Session expired

The server has moved on; the page needs a fresh start.